 Dungeon Crawl Stone Soup version 0.27-a0-393-gba1aca71f1 (webtiles) character file.

Game seed: 17087748981356451318

1566822 EnegeticOcto the Hoplite (level 27, 224/240 HPs)
             Began as a Merfolk Wanderer on Feb 19, 2021.
             Was an Initiate of Gozag.
             Escaped with the Orb
             ... and 3 runes on Feb 20, 2021!
             The game lasted 02:00:38 (79962 turns).

EnegeticOcto the Hoplite (Merfolk Wanderer)        Turns: 79962, Time: 02:00:38

Health: 224/240    AC: 41    Str: 20    XL:     27
Magic:  26/26      EV: 11    Int: 11    God:    Gozag
Gold:   14994      SH: 33    Dex: 19    Spells: 30/30 levels left

rFire    + + .     SeeInvis .   c - +9 demon whip (venom)
rCold    + . .     Faith    .   O - +8 tower shield {AC+3}
rNeg     + . .     Spirit   .   U - +9 scales of the Dragon King {rPois rF+ rC+ Will+}
rPois    +         Reflect  .   (helmet restricted)
rElec    +         Harm     +   S - +2 cloak {rCorr}
rCorr    +         Rampage  .   i - +2 pair of gloves of a volcano {Harm rN+ Dex-4 Slay+4}
Will     +++..     Rnd*Rage +   E - +2 pair of boots
Stlth    ..........             N - amulet of regeneration
HPRegen  1.50/turn              D - +4 ring of slaying
MPRegen  0.20/turn              a - ring of Jumpapli {rElec rF+ Dex+6}

@: gold aura, studying 3 skills
A: change form in water, swift swim, stealthy swim, antennae 1, berserk 1, dopey
1, screaming 1, subdued magic 1
0: Orb of Zot
}: 3/15 runes: serpentine, barnacled, silver
a: Renounce Religion, Potion Petition, Call Merchant, Bribe Branch


You escaped.
You worshipped Gozag.
Gozag was extremely pleased with you.
You visited 9 branches of the dungeon, and saw 48 of its levels.
You also visited: Bailey, Gauntlet and Ice Cave.

You collected 29212 gold pieces.
You spent 5221 gold pieces at shops.
You paid 8997 gold pieces to Gozag.

Inventory:

Hand Weapons
 c - a +9 demon whip of venom (weapon)
   (You took it off a hell knight on level 1 of the Depths)
Missiles
 v - 14 curare-tipped darts
 M - 50 silver javelins
 R - 75 boomerangs (quivered)
 T - 18 javelins
 Y - 9 throwing nets {!f}
Armour
 i - the +2 pair of gloves of a volcano (worn) {Harm rN+ Dex-4 Slay+4}
   (You found it on level 4 of the Snake Pit)

   It affects your dexterity (-4).
   It affects your accuracy and damage with ranged weapons and melee attacks
   (+4).
   It protects you from negative energy.
   It increases damage dealt and taken.
 E - a +2 pair of boots (worn)
   (You found it on level 9 of the Dungeon)
 J - a +2 helmet of see invisible
   (You found it in a Gauntlet)
 O - a +8 tower shield of protection (worn)
   (You took it off a minotaur in a Gauntlet)
 S - a +2 cloak of preservation (worn)
   (You bought it in a shop on level 2 of the Orcish Mines)
 U - the +9 scales of the Dragon King (worn) {rPois rF+ rC+ Will+}
   (You bought it in a shop on level 15 of the Dungeon)

   It protects you from fire.
   It protects you from cold.
   It protects you from poison.
   It affects your willpower, your defense against some magical effects.
Jewellery
 a - the ring of Jumpapli (right hand) {rElec rF+ Dex+6}
   (You found it on level 4 of the Depths)

   [ring of protection from fire]

   It affects your dexterity (+6).
   It protects you from fire.
   It insulates you from electricity.
 C - the ring of Obsession {rF+ Str+3 Int-5 SInv}
   (You acquired it on level 3 of the Depths)

   [ring of see invisible]

   It affects your strength (+3).
   It affects your intelligence (-5).
   It protects you from fire.
   It lets you see invisible.
 D - a +4 ring of slaying (left hand)
   (You found it on level 11 of the Dungeon)
 N - an amulet of regeneration (around neck)
   (You found it on level 3 of the Snake Pit)
Wands
 b - a wand of mindburst (22)
   (You found it on level 3 of the Depths)
 k - a wand of polymorph (36)
   (You took it off Robin on level 1 of the Dungeon)
 o - a wand of iceblast (37) {@v2}
   (You found it on level 3 of the Dungeon)
 u - a wand of digging (37) {@v3}
   (You found it on level 9 of the Dungeon)
 B - a wand of acid (22) {@v1}
   (You found it on level 2 of the Lair of Beasts)
 V - a wand of paralysis (61)
   (You found it on level 11 of the Dungeon)
Scrolls
 e - 4 scrolls of immolation
 f - 2 scrolls of vulnerability
 h - a scroll of silence
 m - 3 scrolls of blinking {@r4}
 p - 6 scrolls of fog {!r}
 q - 18 scrolls of teleportation {@r3 !r}
 r - 9 scrolls of identify {@r1}
 s - a scroll of enchant weapon
 w - 3 scrolls of holy word
 G - 3 scrolls of fear {!r}
 L - a scroll of magic mapping {@r5 !r}
Potions
 d - 32 potions of curing {@q1 !q}
 g - 11 potions of flight
 j - 8 potions of invisibility
 n - 3 potions of heal wounds {@q2 !q}
 t - 4 potions of might {@q3 !q}
 x - 4 potions of mutation
 z - 9 potions of attraction
 A - 5 potions of haste {@q4 !q}
 H - 6 potions of lignification {@q6}
 K - 2 potions of berserk rage
 Q - 4 potions of magic
 W - a potion of cancellation
 X - 3 potions of ambrosia
Miscellaneous
 l - a phantom mirror
   (You found it on level 2 of the Shoals)
 y - a box of beasts
   (You found it on level 11 of the Dungeon)
 F - a lightning rod (4/4)
   (You found it on level 9 of the Dungeon)
 I - a condenser vane
   (You found it in a Gauntlet)
 P - a phial of floods
   (You found it on level 3 of the Depths)
 Z - a tin of tremorstones (2/2)
   (You found it on level 5 of the Vaults)


   Skills:
 + Level 24.9 Fighting
 - Level 16.0 Maces & Flails
 - Level 4.0 Crossbows
 - Level 16.0 Throwing
 - Level 12.0 Armour
 - Level 15.0 Dodging
 - Level 8.8 Stealth
 - Level 25.0 Shields
 - Level 2.0 Spellcasting
 - Level 1.1 Poison Magic
 - Level 15.0 Evocations


You had 30 spell levels left.
You didn't know any spells.
Your spell library contained the following spells:

 Spells                   Type           Power        Failure   Level
 Animate Skeleton         Necr           0%           100%        1
 Apportation              Tloc           0%           100%        1
 Corona                   Hex            0%           100%        1
 Foxfire                  Conj/Fire      0%           100%        1
 Pain                     Necr           0%           100%        1
 Sandblast                Erth           0%           100%        1
 Sting                    Tmut/Pois      4%           100%        1
 Summon Small Mammal      Summ           0%           100%        1
 Blink                    Tloc           N/A          100%        2
 Call Imp                 Summ           0%           100%        2
 Corpse Rot               Necr/Air       N/A          100%        2
 Ensorcelled Hibernation  Hex/Ice        0%           100%        2
 Passwall                 Tmut/Erth      0%           100%        2
 Poisonous Vapours        Pois/Air       2%           100%        2
 Slow                     Hex            0%           100%        2
 Sublimation of Blood     Necr           0%           100%        2
 Call Canine Familiar     Summ           0%           100%        3
 Confusing Touch          Hex            0%           100%        3
 Conjure Flame            Conj/Fire      0%           100%        3
 Dazzling Flash           Conj/Hex       0%           100%        3
 Gell's Gravitas          Tloc           0%           100%        3
 Ignite Poison            Fire/Tmut/Pois 1%           100%        3
 Inner Flame              Hex/Fire       0%           100%        3
 Lesser Beckoning         Tloc           0%           100%        3
 Mephitic Cloud           Conj/Pois/Air  1%           100%        3
 Portal Projectile        Hex/Tloc       0%           100%        3
 Stone Arrow              Conj/Erth      0%           100%        3
 Summon Guardian Golem    Hex/Summ       0%           100%        3
 Teleport Other           Tloc           0%           100%        3
 Tukima's Dance           Hex            0%           100%        3
 Vampiric Draining        Necr           0%           100%        3
 Animate Dead             Necr           0%           100%        4
 Cause Fear               Hex            0%           100%        4
 Dispel Undead            Necr           0%           100%        4
 Ice Form                 Ice/Tmut       0%           100%        4
 Iskenderun's Mystic Bla  Conj/Tloc      0%           100%        4
 Leda's Liquefaction      Hex/Erth       0%           100%        4
 Manifold Assault         Tloc           0%           100%        4
 Olgreb's Toxic Radiance  Pois           2%           100%        4
 Passage of Golubria      Tloc           N/A          100%        4
 Petrify                  Tmut/Erth      0%           100%        4
 Sticky Flame             Conj/Fire      0%           100%        4
 Summon Ice Beast         Ice/Summ       0%           100%        4
 Summon Lightning Spire   Summ/Air       0%           100%        4
 Agony                    Necr           0%           100%        5
 Alistair's Intoxication  Tmut/Pois      0%           100%        5
 Bolt of Magma            Conj/Fire/Erth 0%           100%        5
 Borgnjor's Vile Clutch   Necr/Erth      0%           100%        5
 Excruciating Wounds      Necr           0%           100%        5
 Fireball                 Conj/Fire      0%           100%        5
 Irradiate                Conj/Tmut      0%           100%        5
 Iskenderun's Battlesphe  Conj           0%           100%        5
 Lee's Rapid Deconstruct  Erth           0%           100%        5
 Metabolic Englaciation   Hex/Ice        0%           100%        5
 Silence                  Hex/Air        0%           100%        5
 Yara's Violent Unravell  Hex/Tmut       0%           100%        5
 Death Channel            Necr           0%           100%        6
 Freezing Cloud           Conj/Ice/Air   0%           100%        6
 Hydra Form               Tmut           0%           100%        6
 Invisibility             Hex            0%           100%        6
 Iron Shot                Conj/Erth      0%           100%        6
 Simulacrum               Ice/Necr       0%           100%        6
 Statue Form              Tmut/Erth      0%           100%        6
 Dragon Form              Tmut           0%           100%        7
 Orb of Destruction       Conj           0%           100%        7
 Ozocubu's Refrigeration  Ice            0%           100%        7
 Spellforged Servitor     Conj/Summ      0%           100%        7
 Chain Lightning          Conj/Air       0%           100%        8
 Discord                  Hex            0%           100%        8
 Lehudib's Crystal Spear  Conj/Erth      0%           100%        8
 Absolute Zero            Ice            0%           100%        9
 Fire Storm               Conj/Fire      0%           100%        9


Dungeon Overview and Level Annotations

Branches:
Dungeon (15/15)            Temple (0/1) D:4            Lair (6/6) D:8
 Shoals (4/4) Lair:3        Snake (4/4) Lair:2        Slime (0/5) Lair:5
    Orc (2/2) D:9             Elf (2/3) Orc:2        Vaults (5/5) D:14
  Crypt (0/3) Vaults:3     Depths (5/5) D:15            Zot (5/5) Depths:5
 Bailey (visited)           IceCv (visited)         Gauntlet (visited)

Altars:
Ashenzari
Cheibriados
Dithmenos
Fedhas
Gozag
Makhleb
Okawaru
Sif Muna
Wu Jian
Xom
Yredelemnul
Beogh
Jiyva

Shops:
D:7 [(   D:10 [   D:14 [   D:15 [   Orc:2 (([(   Elf:1 *   Elf:2 [(
Shoals:1 !   Shoals:2 =   Snake:1 !   Vaults:4 [   Depths:1 *   Depths:4 :[=*

Portals:
Hell: Depths:1 Depths:2 Depths:3 Depths:4 Depths:5
Abyss: Depths:4
Pandemonium: Depths:3
Ziggurat: Depths:4

Annotations:
Lair:2 exclusion: 3 oklob plants
Lair:3 1 runed translucent door
Zot:5 1 exclusion


Innate Abilities, Weirdness & Mutations

You revert to your normal form in water.
You are very nimble and swift while swimming.
You are very stealthy in the water. (Stealth+)
You have a pair of small antennae on your head.
You tend to lose your temper in combat.
You are dopey. (Int -2)
You occasionally shout uncontrollably at your foes.
Your spells are a little easier to cast, but a little less powerful.


Message History

The cherub's human head shouts!
The cherub sings a powerful hymn!
You block the orange demon's attack.
The daeva calls down the wrath of the Shining One upon you.
The Shining One smites you!
Some rock shatters into small pieces.
You block the angel's attack. The angel closely misses you.
The seraph shouts a warning to its allies!
There is a stone staircase leading up here.
You block the sixfirhy's attack. x2; The angel hits you but does no damage.
You block the angel's attack.
The daeva calls down the wrath of the Shining One upon you.
The Shining One smites you!
The sixfirhy hits you but does no damage.
You block the angel's attack. The angel hits you but does no damage.
The cacodemon hits you but does no damage.
The cacodemon completely misses you.
You climb upwards.
There is a stone staircase leading down here.
(D) Dungeon (T) Temple (L) Lair (A) Shoals (P) Snake Pit (M) Slime Pits (O) Orcish Mines (E) Elven Halls (V) Vaults (C) Crypt (U) Depths (H) Hell (Z) Zot
Where to? (Enter - D:1 @ (x,y), ? - help)
You see here 14 stones.
HP restored.
There is a stone staircase leading up here.
You climb upwards.
There is a stone staircase leading down here.
There is a stone staircase leading up here.
You climb upwards.
There is a stone staircase leading down here.
An Orb Guardian comes into view.
Throw: 75 boomerangs
Press: ? - help, Q - select action, (/) - cycle Shift-Dir - straight line, f - Orb Guardian
Aim: an Orb Guardian (74% to hit)
You throw a boomerang. The boomerang hits the Orb Guardian!!
The Orb Guardian is heavily wounded.
Throw: 75 boomerangs
Press: ? - help, Q - select action, (/) - cycle Shift-Dir - straight line, f/p - Orb Guardian
Aim: an Orb Guardian (heavily wounded, 73% to hit)
You throw a boomerang.
The boomerang closely misses the Orb Guardian.
Throw: 75 boomerangs
Press: ? - help, Q - select action, (/) - cycle Shift-Dir - straight line, f/p - Orb Guardian
Aim: an Orb Guardian (heavily wounded, 73% to hit)
You throw a boomerang.
The boomerang closely misses the Orb Guardian.
Throw: 75 boomerangs
Press: ? - help, Q - select action, (/) - cycle Shift-Dir - straight line, f/p - Orb Guardian
Aim: an Orb Guardian (heavily wounded, 74% to hit)
You throw a boomerang.
The boomerang closely misses the Orb Guardian.
Throw: 75 boomerangs
Press: ? - help, Q - select action, (/) - cycle Shift-Dir - straight line, f/p - Orb Guardian
Aim: an Orb Guardian (heavily wounded, 74% to hit)
You throw a boomerang. The boomerang hits the Orb Guardian!!!
You kill the Orb Guardian!
(D) Dungeon (T) Temple (L) Lair (A) Shoals (P) Snake Pit (M) Slime Pits (O) Orcish Mines (E) Elven Halls (V) Vaults (C) Crypt (U) Depths (H) Hell (Z) Zot
Where to? (Enter - D:1 @ (x,y), ? - help)
You now have 14991 gold pieces (gained 21).
There is a stone staircase leading up, spattered with blood here.
You climb upwards.
There is a stone staircase leading down here.
There is a stone staircase leading up here.
You climb upwards.
There is a stone staircase leading down here.
Things that are here:
a +0 club; a +0 club; a +0 club
There is a stone staircase leading up here.
You climb upwards.
There is a stone staircase leading down here.
There is an open door here.
There is an open door here.
A hellion comes into view.
The hellion gives a hideous shriek!
The hellion gestures at you.
The sphere of damnation explodes!
The damnation engulfs you!!
Unknown command.
Throw: 75 boomerangs
Press: ? - help, Q - select action, (/) - cycle Shift-Dir - straight line, f - hellion
Aim: a hellion (79% to hit)
You throw a boomerang.
The boomerang closely misses the hellion.
Throw: 75 boomerangs
Press: ? - help, Q - select action, (/) - cycle Shift-Dir - straight line, f/p - hellion
Aim: a hellion (79% to hit)
You throw a boomerang. The boomerang hits the hellion!
The hellion is heavily wounded.
Throw: 75 boomerangs
Press: ? - help, Q - select action, (/) - cycle Shift-Dir - straight line, f/p - hellion
Aim: a hellion (heavily wounded, 79% to hit)
You throw a boomerang. The boomerang hits the hellion!!
You kill the hellion!
There is an open door here.
You now have 14994 gold pieces (gained 3).
There is a staircase leading out of the dungeon here.
You have escaped!

#.# #.#+#####.#......#.#......
#.####......##.##>#.###.#.###.#
#...........##....#.###.#...†..
######......+.....#............
#########.....#####.......#......
.............................####
#...######...######...######.# #
#...#....#...#.^..#...#....#.# #
#...#....#...#..@.#...#....#.# #
##'##....##'##....##'##....#.# #
#...##'###...###'##...###'##.# #
'...'....'...'....'...'...#..# #
#...###..#...#....#.#.#####..# #
#..###..###..#.#.#.#.##..#..#####
...#..###..........##..###.......
....###...###....##...###...#####
#.#.....#...#.......##.##...# #


There were no monsters in sight!

Vanquished Creatures
  A dread lich (Vaults:5)
  2 orbs of fire
  A juggernaut (Depths:4)
  Sojobo (Vaults:3)
  4 Killer Klowns
  Vashnia (Snake:2)
  Frederick (Depths:4)
  5 caustic shrikes
  8 golden dragons
  Nikola (Snake:2)
  A bone dragon (Zot:3)
  An Ice Fiend (IceCv)
  11 tentacled monstrosities
  4 quicksilver dragons
  A deep elf blademaster (Elf:2)
  6 liches
  4 titans
  7 Orb Guardians
  A kraken (Shoals:3)
  Polyphemus (Shoals:4)
  11 death cobs
  Agnes (Snake:4)
  Kirke (Snake:2)
  The ghost of Qoff the Covert, an adept HuAr of Trog (Orc:1)
  6 storm dragons
  8 shadow dragons
  4 sphinxes
  Donald (Snake:1)
  26 nagarajas
  7 tengu reavers
  3 draconian monks
  4 frost giants
  Ilsuiw (Shoals:2)
  Aizul (Snake:3)
  10 fire giants
  The ghost of Giev the Executioner, a journeyman MiBe of Trog (Shoals:2)
  A frost giant (shapeshifter) (Vaults:5)
  14 vault wardens
  3 draconian scorchers
  2 caustic shrike zombies (Depths:3)
  2 orc warlords
  7 draconian knights
  Louise (D:15)
  5 ghost moths
  2 iron dragons (Zot:3)
  4 draconian shifters
  3 draconian stormcallers
  2 balrugs
  A ghoul (Vaults:3)
  18 stone giants
  2 war gargoyles
  7 very ugly things
  12 ironheart preservers
  2 vampire knights (Depths:1)
  5 spriggan defenders
  5 black draconians
  4 deep elf demonologists
  2 green draconians
  12 red draconians
  A lorocyproca (Depths:5)
  10 yellow draconians
  11 purple draconians
  10 white draconians
  4 deep elf annihilators
  A minotaur (Gauntlet)
  8 spark wasps
  A deep elf death mage (Vaults:3)
  3 merfolk javelineers
  11 ettins
  15 fire dragons
  8 merfolk impalers
  30 vault guards
  4 deep elf high priests
  15 ice dragons
  23 yaktaur captains
  Erolcha (D:12)
  5 great orbs of eyes
  A spriggan air mage (Depths:4)
  26 naga warriors
  7 boulder beetles
  A merfolk avatar (Shoals:4)
  7 rakshasas
  5 hydras
  A ghost crab (Gauntlet)
  A hell beast (Depths:3)
  7 ogre magi
  12 anacondas
  21 two-headed ogres
  3 catoblepae
  6 merfolk aquamancers
  2 satyrs (Shoals:1)
  3 death knights
  2 alligator snapping turtles
  8 centaur warriors
  A deep troll shaman (Lair:6)
  6 spriggan berserkers
  3 deep troll earth magi
  8 tengu warriors
  14 death yaks
  Urug (Lair:1)
  4 shock serpents
  A hell hog (Depths:2)
  20 deep elf knights
  2 orc high priests
  2 sun demons
  3 vampire magi (Depths:1)
  8 hell knights
  21 skeletal warriors
  A soul eater (Depths:1)
  21 naga sharpshooters
  2 fire crabs (shapeshifter)
  A storm dragon zombie (Depths:3)
  3 salamander mystics
  20 sea snakes
  A glowing orange brain (Vaults:1)
  3 flayed ghosts
  A shadow demon (D:11)
  4 unseen horrors
  7 wizards
  A lindwurm (shapeshifter) (Vaults:1)
  14 deep trolls
  9 deep elf archers
  17 harpies
  5 necromancers
  A shadow dragon zombie (Depths:1)
  4 phantasmal warriors
  17 ironbrand convokers
  31 deep elf pyromancers
  2 lindwurms
  31 deep elf zephyrmancers
  A wolf spider zombie (D:15)
  8 naga ritualists
  10 mana vipers
  12 orc knights
  A mana viper (shapeshifter) (Vaults:5)
  An orb spider (shapeshifter) (Vaults:2)
  A frost giant zombie (Depths:1)
  17 fauns
  4 wolf spiders
  38 ugly things
  6 orc sorcerers
  14 moths of wrath
  22 salamanders
  A salamander (shapeshifter) (Snake:1)
  9 cyclopes
  18 manticores
  A draconian (Zot:3)
  A centaur zombie (D:13)
  13 merfolk sirens
  17 elephants
  6 guardian serpents
  20 naga magi
  2 fire giant skeletons (Depths:3)
  43 black mambas
  A water nymph (Shoals:4)
  The ghost of highc0 the Jinx, a novice DEWz of Sif Muna (D:6)
  A gargoyle (D:10)
  14 vault sentinels
  An ice statue (IceCv)
  A hellion (D:1)
  11 cane toads
  5 kobold demonologists
  An efreet (Gauntlet)
  10 freezing wraiths
  8 komodo dragons
  A rime drake (Lair:4)
  4 ice devils (IceCv)
  5 tengu conjurers
  7 anaconda simulacra (IceCv)
  2 red devils (D:9)
  A queen bee (shapeshifter) (Depths:3)
  67 yaktaurs
  2 golden dragon simulacra (IceCv)
  26 merfolk
  8 wind drakes
  A jumping spider (shapeshifter) (Vaults:3)
  A polar bear (shapeshifter) (Vaults:1)
  A wolf spider simulacrum (IceCv)
  9 trolls
  3 polar bears
  8 hornets
  26 slime creatures
  23 blink frogs
  A dream sheep (shapeshifter) (Vaults:5)
  3 dream sheep
  10 snapping turtles
  A redback (shapeshifter) (Vaults:5)
  A redback (Snake:3)
  A shadow (D:15)
  11 water elementals
  A yak (shapeshifter) (Vaults:4)
  A tarantella (shapeshifter) (Vaults:1)
  2 air elementals (Elf:1)
  6 spriggans
  An ice dragon skeleton (Depths:1)
  3 wyverns
  3 wraiths
  A human (shapeshifter) (Elf:1)
  57 yaks
  4 basilisks
  9 humans
  11 fire elementals
  5 hogs
  A death yak simulacrum (IceCv)
  12 vampire mosquitoes
  11 wargs
  3 harpy simulacra (IceCv)
  77 nagas
  2 hydra simulacra (IceCv)
  2 acid dragons
  2 soldier ants
  19 water moccasins
  10 hell hounds
  56 orc warriors
  5 sky beasts
  28 ogres
  8 ice beasts
  2 black bears
  An ettin simulacrum (IceCv)
  4 boggarts
  An alligator simulacrum (IceCv)
  22 centaurs
  A centaur (shapeshifter) (Vaults:5)
  42 wolves
  A phantom (D:13)
  2 kobold brigands (D:15)
  A wyvern zombie (D:12)
  32 bullfrogs
  2 gnoll sergeants
  A wyvern skeleton (D:13)
  4 scorpions
  A tengu zombie (Depths:1)
  12 killer bees
  3 howler monkeys
  4 wights (D:8)
  8 electric eels
  2 bullfrog zombies
  4 draconian simulacra (IceCv)
  A human simulacrum (Vaults:2)
  2 quasits
  A jelly (D:10)
  6 gnoll shamans
  28 orc priests
  10 hounds
  2 bullfrog skeletons
  6 centaur skeletons
  2 iguanas
  10 worker ants
  33 orc wizards
  3 troll simulacra (IceCv)
  A spriggan simulacrum (IceCv)
  A polar bear simulacrum (IceCv)
  A killer bee zombie (D:6)
  2 centaur simulacra (IceCv)
  A bullfrog simulacrum (D:6)
  A worker ant zombie (D:5)
  Robin (D:1)
  71 gnolls
  A howler monkey skeleton (D:6)
  11 adders
  2 ogre simulacra (IceCv)
  3 naga simulacra (IceCv)
  A shadow imp (Depths:3)
  9 white imps
  A worker ant simulacrum (D:8)
  6 ufetubi
  An ooze (shapeshifter) (Vaults:5)
  An ooze (D:3)
  2 adder zombies (D:6)
  A worm (D:4)
  2 dart slugs (D:1)
  4 leopard geckos
  122 orcs
  A ball python (D:5)
  7 giant cockroaches
  24 goblins
  32 hobgoblins
  21 jackals
  8 quokkas
  7 bats
  4 frilled lizards
  16 kobolds
  A quokka skeleton (D:7)
  6 rats
  3 tentacles (Shoals:3)
2341 creatures vanquished.

Vanquished Creatures (collateral kills)
  4 Orb Guardians (Zot:5)
  Rupert (Vaults:3)
  Asterion (Vaults:3)
  A cacodemon (Zot:3)
  A black draconian (Zot:1)
  A green draconian (Zot:1)
  A purple draconian (Zot:5)
  A moth of wrath (Zot:5)
  2 merfolk (Shoals:4)
  A basilisk (D:14)
14 creatures vanquished.

Vanquished Creatures (others)
  A dread lich (Zot:5)
  An ancient lich (Zot:5)
  A Killer Klown (Zot:5)
  2 electric golems (Zot:5)
  A tentacled monstrosity (Zot:5)
  9 Orb Guardians (Zot:5)
  A storm dragon (Zot:5)
  2 draconian monks
  2 draconian knights (Zot:5)
  A draconian scorcher (Zot:5)
  A corrupter (Zot:5)
  A draconian stormcaller (Zot:5)
  A draconian annihilator (Zot:5)
  2 black draconians (Zot:5)
  A yellow draconian (Zot:5)
  A purple draconian (Zot:5)
  2 white draconians (Zot:5)
  24 dancing weapons
  A shadow wraith (Vaults:4)
  A shadow demon (Zot:5)
  A gelid demonspawn (Zot:5)
  An infernal demonspawn (Zot:5)
  A moth of wrath (Zot:5)
  4 water elementals (Depths:4)
  2 humans
  6 hydra simulacra (Depths:4)
  An orc warrior (Vaults:1)
  A killer bee (D:11)
  An orc wizard (D:5)
  2 white imps (IceCv)
  3 ufetubi
  86 fungi
  65 plants
  7 tentacles (Shoals:3)
237 creatures vanquished.

Grand Total: 2592 creatures vanquished

Notes
Turn   | Place    | Note
-------+----------+-------------------------------------------
     0 | D:1      | EnegeticOcto the Merfolk Wanderer began the quest for the
                  | Orb.
     0 | D:1      | EnegeticOcto set off with the following items: a +2 hand
                  | crossbow, 29 bolts, a +0 ring mail, a potion of curing {@q1
                  | !q}
     0 | D:1      | Reached XP level 1. HP: 13/13 MP: 3/3
     0 | D:1      | Upgraded the game from 0.27-a0-385-g3208abaabc to
                  | 0.27-a0-393-gba1aca71f1
   469 | D:1      | Reached XP level 2. HP: 19/19 MP: 5/5
   805 | D:1      | Reached skill level 4 in Crossbows
  1051 | D:2      | Reached XP level 3. HP: 19/24 MP: 6/6
  1610 | D:2      | Found a burning altar of Makhleb.
  1651 | D:2      | Reached skill level 2 in Stealth
  1662 | D:2      | Noticed Robin
  1777 | D:1      | Killed Robin
  1822 | D:2      | Reached XP level 4. HP: 30/30 MP: 7/7
  2029 | D:2      | Found an opulent altar of Gozag.
  2047 | D:2      | Reached skill level 1 in Maces & Flails
  2047 | D:2      | Reached skill level 3 in Stealth
  2541 | D:3      | Reached skill level 2 in Maces & Flails
  2609 | D:3      | Reached XP level 5. HP: 33/35 MP: 8/8
  2628 | D:3      | Found a basalt altar of Yredelemnul.
  2748 | D:3      | Found an ornate altar of the Wu Jian Council.
  2824 | D:2      | Became a worshipper of Gozag Ym Sagoz the Greedy
  2877 | D:3      | Found a blossoming altar of Fedhas.
  2879 | D:3      | Found a shimmering blue altar of Sif Muna.
  2915 | D:3      | Noticed a sky beast
  2937 | D:3      | Killed a sky beast
  2938 | D:3      | Reached skill level 1 in Fighting
  2938 | D:3      | Reached skill level 3 in Maces & Flails
  3214 | D:4      | Reached XP level 6. HP: 39/44 MP: 9/9
  3670 | D:4      | Reached skill level 2 in Fighting
  3715 | D:4      | Found a staircase to the Ecumenical Temple.
  4188 | D:4      | Reached skill level 4 in Maces & Flails
  4228 | D:4      | Reached skill level 3 in Fighting
  4228 | D:4      | Reached XP level 7. HP: 48/52 MP: 10/10
  4826 | D:5      | Entered Level 5 of the Dungeon
  4916 | D:5      | Reached skill level 5 in Maces & Flails
  4916 | D:5      | Reached skill level 2 in Shields
  6478 | D:5      | Reached XP level 8. HP: 47/58 MP: 11/11
  6503 | D:5      | Reached skill level 3 in Shields
  6578 | D:5      | Reached skill level 6 in Maces & Flails
  7236 | D:5      | Reached skill level 4 in Shields
  7497 | D:5      | Reached skill level 7 in Maces & Flails
  7931 | D:6      | Reached XP level 9. HP: 63/63 MP: 12/12
  8066 | D:6      | Found a runed translucent gate.
  8067 | D:6      | Found a runed translucent gate.
  8068 | D:6      | Found a runed translucent gate.
  8083 | D:6      | Noticed highc0's ghost (novice DEWz)
  8123 | D:6      | Killed highc0's ghost
  8124 | D:6      | Reached skill level 8 in Maces & Flails
  8124 | D:6      | Reached skill level 2 in Dodging
  8847 | D:7      | Reached skill level 4 in Stealth
  8961 | D:6      | Reached skill level 4 in Fighting
  8961 | D:6      | Reached skill level 3 in Dodging
  9107 | D:7      | Found Biqeaj's Antique Weapon Boutique.
  9222 | D:7      | Found Bappestroru's Armour Shop.
  9235 | D:7      | Bought a +2 cloak for 247 gold pieces
  9698 | D:7      | Reached skill level 4 in Dodging
  9822 | D:7      | Bought a +0 pair of boots for 67 gold pieces
  9822 | D:7      | Bought a +3 chain mail of fire resistance for 397 gold
                  | pieces
  9876 | D:8      | Reached skill level 5 in Stealth
  9948 | D:8      | Noticed a troll
  9962 | D:8      | Reached XP level 10. HP: 63/73 MP: 13/13
  9975 | D:8      | Reached skill level 5 in Fighting
  9987 | D:8      | Reached skill level 9 in Maces & Flails
 10041 | D:8      | Reached skill level 5 in Dodging
 10632 | D:8      | Found a staircase to the Lair.
 10871 | D:8      | Found a shadowy altar of Dithmenos.
 11444 | D:8      | Reached skill level 6 in Dodging
 11451 | D:8      | Reached skill level 6 in Fighting
 12062 | D:8      | Reached skill level 10 in Maces & Flails
 12310 | D:8      | Reached skill level 7 in Dodging
 14780 | D:8      | Found a shimmering altar of Xom.
 15270 | D:9      | Identified the +1 buckler of Demabos {rPois rN+}
 15314 | D:9      | Reached XP level 11. HP: 53/80 MP: 14/14
 15449 | D:9      | Found a flagged portal.
 15483 | Bailey   | Entered a bailey
 15586 | Bailey   | Reached skill level 8 in Dodging
 15862 | Bailey   | Noticed an orc knight
 15898 | Bailey   | Killed an orc knight
 15899 | Bailey   | Reached skill level 11 in Maces & Flails
 16272 | Bailey   | Noticed an orc knight
 16273 | Bailey   | Noticed an orc knight
 16322 | Bailey   | Killed an orc knight
 16435 | Bailey   | Reached skill level 8 in Fighting
 16435 | Bailey   | Reached skill level 12 in Maces & Flails
 16435 | Bailey   | Reached skill level 3 in Armour
 16435 | Bailey   | Reached XP level 12. HP: 83/93 MP: 15/15
 16483 | Bailey   | Noticed an orc warlord
 16650 | Bailey   | Reached skill level 4 in Armour
 17177 | D:9      | Found a staircase to the Orcish Mines.
 17347 | D:9      | Noticed a two-headed ogre
 17362 | D:9      | Killed a two-headed ogre
 17727 | D:10     | Entered Level 10 of the Dungeon
 17727 | D:10     | Noticed a two-headed ogre
 18005 | D:10     | Identified the +6 quarterstaff of True Grit {pain, rPois}
 18189 | D:10     | Reached skill level 9 in Dodging
 18217 | D:10     | Reached skill level 9 in Fighting
 18401 | D:10     | Found Cheibriados's Comfort Zone.
 18405 | D:10     | Found a snail-covered altar of Cheibriados.
 18530 | D:10     | Killed a two-headed ogre
 19097 | Lair:1   | Entered Level 1 of the Lair of Beasts
 19227 | Lair:1   | Reached skill level 5 in Armour
 19448 | Lair:1   | Noticed Urug
 19448 | Lair:1   | Noticed a four-headed hydra
 19511 | Lair:1   | Killed a four-headed hydra
 19720 | Lair:1   | Reached skill level 10 in Dodging
 19954 | Lair:1   | Reached XP level 13. HP: 103/103 MP: 16/16
 20181 | Lair:1   | Reached skill level 10 in Fighting
 20293 | Lair:1   | Killed Urug
 20866 | Lair:2   | Reached skill level 6 in Armour
 20884 | Lair:2   | Reached skill level 11 in Dodging
 21260 | Lair:1   | Reached skill level 12 in Dodging
 22133 | Lair:2   | Found a staircase to the Snake Pit.
 22352 | Lair:2   | Reached skill level 13 in Dodging
 23308 | Lair:3   | Reached skill level 14 in Dodging
 23313 | Lair:3   | Found an iron altar of Okawaru.
 23934 | Lair:3   | Found a staircase to the Shoals.
 24271 | Lair:3   | Found a runed translucent door.
 24959 | Lair:4   | Reached skill level 15 in Dodging
 25195 | Lair:4   | Found a gate leading to a gauntlet.
 25208 | Gauntlet | Entered a Gauntlet
 25208 | Gauntlet | Found a transporter.
 25259 | Gauntlet | Found a transporter.
 25275 | Gauntlet | Found a transporter.
 25279 | Gauntlet | Found a transporter.
 25299 | Gauntlet | Found a transporter.
 25309 | Gauntlet | Found a runed translucent door.
 25313 | Gauntlet | Found a transporter.
 25322 | Gauntlet | Found a transporter.
 25323 | Gauntlet | Found a transporter.
 25354 | Gauntlet | Found a transporter.
 25371 | Gauntlet | Found a transporter.
 25375 | Gauntlet | Found a transporter.
 25383 | Gauntlet | Found a transporter.
 25790 | Gauntlet | Reached skill level 11 in Fighting
 25790 | Gauntlet | Reached XP level 14. HP: 98/113 MP: 17/17
 25855 | Gauntlet | Got a slimy emerald amulet
 25856 | Gauntlet | Identified the amulet "Vabic" {RegenMP *Contam rPois rF+++
                  | Dex-2} (You found it in a Gauntlet)
 26009 | Gauntlet | Identified the Catalogue of Venom and Earth
 26014 | Gauntlet | Identified Xirot's Papyrus of Displaced Necromancy
 26016 | Gauntlet | Got a slimy hat
 26018 | Gauntlet | Identified the +0 hat of Vaugupot {-Tele +Inv rN+++ rCorr}
                  | (You found it in a Gauntlet)
 26628 | Lair:5   | Reached skill level 5 in Shields
 27049 | Lair:4   | Reached skill level 6 in Shields
 28769 | Lair:5   | Reached skill level 12 in Fighting
 29121 | Lair:5   | Reached skill level 7 in Shields
 29729 | Lair:5   | Found a viscous altar of Jiyva.
 29753 | Lair:5   | Found a staircase to the Slime Pits.
 29804 | Lair:5   | Reached skill level 8 in Shields
 30204 | Lair:6   | Entered Level 6 of the Lair of Beasts
 30331 | Lair:6   | Reached skill level 9 in Shields
 31170 | Lair:6   | Reached skill level 10 in Shields
 32277 | Lair:6   | Reached skill level 11 in Shields
 32277 | Lair:6   | Reached XP level 15. HP: 102/120 MP: 18/18
 32970 | Lair:6   | Reached skill level 12 in Shields
 33669 | Orc:1    | Entered Level 1 of the Orcish Mines
 34590 | Orc:1    | Found a runed translucent gate.
 34591 | Orc:1    | Found a runed translucent gate.
 34592 | Orc:1    | Found a runed translucent gate.
 34596 | Orc:1    | Noticed Qoff's ghost (adept HuAr)
 34940 | Orc:1    | Killed Qoff's ghost
 35274 | Orc:2    | Entered Level 2 of the Orcish Mines
 35274 | Orc:2    | Found a staircase to the Elven Halls.
 35274 | Orc:2    | Noticed Sonja
 35290 | Orc:2    | Noticed Sonja
 35290 | Orc:2    | Sonja changed into Sonja the hog
 35314 | Orc:1    | Killed Sonja the hog
 36170 | Orc:2    | Found a roughly hewn altar of Beogh.
 36321 | Orc:2    | Found Turuzif's Antique Weapon Shop.
 36513 | Orc:2    | Reached skill level 13 in Shields
 36516 | Orc:2    | Noticed an orc warlord
 36527 | Orc:2    | Killed an orc warlord
 36534 | Orc:2    | Found Gaofac's Antique Weapon Boutique.
 36675 | Orc:2    | Found Hoibawah's Antique Armour Shop.
 36676 | Orc:2    | Found a roughly hewn altar of Beogh.
 36785 | Orc:2    | Found a roughly hewn altar of Beogh.
 37100 | Orc:2    | Found a roughly hewn altar of Beogh.
 37137 | Orc:2    | Found a roughly hewn altar of Beogh.
 37189 | Orc:2    | Found a roughly hewn altar of Beogh.
 37190 | Orc:2    | Found Inubikhlu's Antique Weapon Boutique.
 37301 | Orc:2    | Bought blackened acid dragon scales for 1260 gold pieces
 37311 | Orc:2    | Identified the +0 acid dragon scales of Amorality {rElec
                  | rF+ rCorr} (You bought it in a shop on level 2 of the
                  | Orcish Mines)
 37322 | Orc:2    | Bought an embroidered cloak for 210 gold pieces
 37498 | D:7      | Bought a runed morningstar for 161 gold pieces
 38102 | D:11     | You fall into a shaft and drop 1 floor!
 38390 | D:12     | Noticed Erolcha
 38403 | D:12     | Killed Erolcha
 38605 | D:12     | Reached skill level 1 in Evocations
 39332 | D:11     | Reached skill level 13 in Maces & Flails
 39396 | D:11     | Reached skill level 2 in Evocations
 40999 | D:13     | Reached skill level 3 in Evocations
 41027 | D:13     | Reached skill level 14 in Shields
 41027 | D:13     | Reached XP level 16. HP: 92/127 MP: 19/19
 42180 | D:14     | Reached skill level 4 in Evocations
 42429 | D:14     | Found a gate to the Vaults.
 42687 | D:14     | Found Xeitiat's Armour Shoppe.
 43075 | D:15     | Entered Level 15 of the Dungeon
 43343 | D:15     | Noticed Louise
 43774 | D:15     | Found a broken altar of Ashenzari.
 43799 | D:15     | Reached skill level 5 in Evocations
 44185 | D:15     | Reached skill level 14 in Maces & Flails
 44197 | D:15     | Found a staircase to the Depths.
 44309 | D:15     | Reached skill level 15 in Shields
 44324 | D:15     | Found Feshoi's Armour Emporium.
 44333 | D:15     | Bought the +9 scales of the Dragon King {rPois rF+ rC+
                  | Will+} for 2371 gold pieces
 44333 | D:15     | Found the +9 scales of the Dragon King {rPois rF+ rC+
                  | Will+}
 44377 | D:15     | Killed Louise
 45325 | Snake:1  | Entered Level 1 of the Snake Pit
 46487 | Snake:1  | Reached skill level 6 in Evocations
 46763 | Snake:1  | Found Viuv's Distillery.
 46785 | Snake:1  | Bought a potion of heal wounds for 70 gold pieces
 46785 | Snake:1  | Bought a potion of heal wounds for 70 gold pieces
 46785 | Snake:1  | Bought a potion of heal wounds for 70 gold pieces
 46785 | Snake:1  | Bought a potion of heal wounds for 70 gold pieces
 47206 | Snake:1  | Noticed Donald
 47219 | Snake:1  | Killed Donald
 47688 | Snake:2  | Reached XP level 17. HP: 133/133 MP: 20/20
 48010 | Snake:2  | Reached skill level 16 in Shields
 48235 | Snake:2  | Noticed Kirke
 48259 | Snake:2  | Killed Kirke
 48260 | Snake:2  | Reached skill level 15 in Maces & Flails
 48262 | Snake:2  | Identified the +6 scimitar of the Realm of Zot {freeze,
                  | rF+}
 48406 | Snake:2  | Noticed Vashnia
 48413 | Snake:2  | Killed Vashnia
 48820 | Snake:2  | Noticed Nikola
 48853 | Snake:2  | Killed Nikola
 49406 | Snake:2  | Reached skill level 17 in Shields
 50013 | Snake:3  | Noticed Aizul
 50043 | Snake:3  | Killed Aizul
 50790 | Snake:3  | Reached skill level 16 in Maces & Flails
 51292 | Snake:3  | Reached XP level 18. HP: 126/140 MP: 21/21
 51374 | Snake:3  | Reached skill level 18 in Shields
 51621 | Snake:4  | Entered Level 4 of the Snake Pit
 52052 | Snake:4  | Got a pair of pitted gloves
 52067 | Snake:4  | Identified the +2 pair of gloves of a volcano {Harm rN+
                  | Dex-4 Slay+4} (You found it on level 4 of the Snake Pit)
 52102 | Snake:4  | Noticed Agnes
 52127 | Snake:4  | Killed Agnes
 52329 | Snake:4  | Reached skill level 19 in Shields
 53030 | Snake:4  | Reached skill level 20 in Shields
 53054 | Snake:4  | Reached skill level 1 in Throwing
 53092 | Snake:4  | Reached skill level 2 in Throwing
 53185 | Snake:4  | Got a serpentine rune of Zot
 53289 | Snake:4  | Reached skill level 3 in Throwing
 53300 | Snake:4  | Reached XP level 19. HP: 134/146 MP: 22/22
 53442 | Snake:4  | Reached skill level 4 in Throwing
 53582 | Snake:4  | Reached skill level 7 in Armour
 53628 | Snake:4  | Reached skill level 5 in Throwing
 53911 | Snake:4  | Got a spiked chain mail
 54037 | Shoals:1 | Entered Level 1 of the Shoals
 54075 | Shoals:1 | Reached skill level 6 in Throwing
 54240 | Shoals:1 | Found Deriaj's Distillery.
 54964 | Shoals:1 | Reached skill level 8 in Armour
 55083 | Shoals:1 | Identified the +4 chain mail of Tyczyud {Regen+ Str-3
                  | Dex+4} (You found it on level 4 of the Snake Pit)
 55158 | Shoals:2 | Reached skill level 7 in Throwing
 55161 | Shoals:2 | Reached skill level 13 in Fighting
 55440 | Shoals:2 | Found a runed translucent door.
 55461 | Shoals:2 | Noticed Ilsuiw
 55468 | Shoals:2 | Killed Ilsuiw
 55749 | Shoals:2 | Found Jaqatz's Jewellery Shoppe.
 56004 | Shoals:2 | Noticed Giev's ghost (journeyman MiBe)
 56060 | Shoals:2 | Killed Giev's ghost
 56073 | Shoals:2 | Identified the +3 triple sword of Sequestration {protect,
                  | rF+ rN+} (You found it on level 2 of the Shoals)
 56143 | Shoals:3 | Reached skill level 8 in Throwing
 56164 | Shoals:3 | Found a frozen archway.
 56172 | IceCv    | Entered an ice cave
 56809 | IceCv    | Reached XP level 20. HP: 128/156 MP: 23/23
 57238 | IceCv    | Got a slimy marble ring
 57255 | IceCv    | Got a pair of ichor-stained gloves
 57537 | Shoals:3 | Identified the ring "Qasushra" {rPois rF++ Will+ MP-9 SInv}
                  | (You found it in an ice cave)
 57724 | Shoals:3 | Reached skill level 9 in Armour
 57994 | Shoals:3 | Reached skill level 9 in Throwing
 58302 | Shoals:4 | Entered Level 4 of the Shoals
 58326 | Shoals:4 | Noticed Polyphemus
 58349 | Shoals:4 | Killed Polyphemus
 58551 | Shoals:4 | Got a barnacled rune of Zot
 58833 | Shoals:4 | Reached skill level 10 in Throwing
 59569 | Shoals:2 | Reached skill level 14 in Fighting
 59569 | Shoals:2 | Reached skill level 10 in Armour
 59763 | Vaults:1 | Entered Level 1 of the Vaults
 59967 | Vaults:1 | Reached skill level 7 in Evocations
 60445 | Vaults:1 | Reached skill level 11 in Throwing
 60481 | Vaults:1 | Reached skill level 8 in Evocations
 60644 | Vaults:1 | Reached XP level 21. HP: 164/166 MP: 24/24
 61580 | Vaults:2 | Reached skill level 9 in Evocations
 61717 | Vaults:2 | Reached skill level 12 in Throwing
 62244 | Vaults:2 | Reached skill level 10 in Evocations
 62889 | Elf:1    | Entered Level 1 of the Elven Halls
 63168 | Elf:1    | Found Boebb's Assorted Antiques.
 63180 | Elf:1    | Reached skill level 15 in Fighting
 63459 | Elf:1    | Reached skill level 13 in Throwing
 63493 | Elf:1    | Identified the +4 pair of gloves "Fionwuab" {rElec rN+++
                  | Str-5 Dex-5} (You found it in an ice cave)
 64107 | Elf:2    | Found Yfengob's Armour Emporium.
 64124 | Elf:2    | Reached skill level 11 in Evocations
 64420 | Elf:2    | Reached XP level 22. HP: 175/175 MP: 25/25
 64549 | Elf:2    | Found a runed translucent gate.
 64549 | Elf:2    | Found a runed translucent gate.
 64549 | Elf:2    | Found a runed translucent gate.
 65612 | Vaults:3 | Reached skill level 12 in Evocations
 65615 | Vaults:3 | Reached skill level 14 in Throwing
 65659 | Vaults:3 | Got a pair of scorched gloves
 66338 | Vaults:3 | Reached skill level 16 in Fighting
 66493 | Vaults:3 | Found a staircase to the Crypt.
 66569 | Vaults:3 | Reached skill level 15 in Throwing
 66607 | Vaults:3 | Noticed Asterion
 66607 | Vaults:3 | Noticed Rupert
 66607 | Vaults:3 | Noticed Sojobo
 66612 | Vaults:3 | Killed Asterion
 66613 | Vaults:3 | Killed Rupert
 66615 | Vaults:3 | Killed Sojobo
 66869 | Vaults:3 | Identified the -5 pair of gloves "Feifu" {rElec} (You found
                  | it on level 3 of the Vaults)
 67003 | Vaults:4 | Got a jewelled cloak
 67014 | Vaults:4 | Identified the +0 cloak of Rymie {+Blink Will+} (You found
                  | it on level 4 of the Vaults)
 67345 | Vaults:4 | Reached XP level 23. HP: 153/186 MP: 26/26
 67449 | Vaults:4 | Reached skill level 16 in Throwing
 67503 | Vaults:4 | Reached skill level 17 in Fighting
 68061 | Vaults:4 | Found Zoriodgh's Antique Armour Shoppe.
 68067 | Vaults:4 | Bought a translucent cloak for 228 gold pieces
 68077 | Vaults:4 | Identified the +0 cloak of Fok Qepsiy {*Drain Regen+ MP+9
                  | SInv} (You bought it in a shop on level 4 of the Vaults)
 68347 | Depths:1 | Entered Level 1 of the Depths
 68396 | Depths:1 | Reached skill level 18 in Fighting
 68545 | Depths:1 | Identified the Tome of Dark Secrets
 68724 | Depths:1 | Reached skill level 6 in Stealth
 68728 | Depths:1 | Found Ydeggyt's Mass Market.
 68869 | Depths:1 | Found a gateway to Hell.
 68985 | Depths:1 | Reached skill level 7 in Stealth
 69378 | Depths:2 | Reached skill level 19 in Fighting
 69384 | Depths:2 | Got an ancient emerald amulet
 69428 | Depths:2 | Reached skill level 8 in Stealth
 69604 | Depths:2 | Paralysed by a great orb of eyes for 3 turns
 69672 | Depths:2 | Identified a scroll of acquirement
 70308 | Depths:2 | Reached XP level 24. HP: 132/201 MP: 26/26
 70413 | Depths:3 | Noticed a caustic shrike
 70431 | Depths:2 | Killed a caustic shrike
 70512 | Depths:3 | Noticed a caustic shrike
 70518 | Depths:3 | Killed a caustic shrike
 70833 | Depths:3 | Found an ornate altar of the Wu Jian Council.
 70989 | Depths:3 | Acquired 400 gold pieces
 70990 | Depths:3 | Acquired the ring of Obsession {rF+ Str+3 Int-5 SInv}
 71173 | Depths:3 | Found a one-way gate leading to the halls of Pandemonium.
 71431 | Depths:3 | Identified the amulet of Deulok {Spirit rC+} (You found it
                  | on level 2 of the Depths)
 71518 | Depths:4 | Found Ynwe's Jewellery Boutique.
 71537 | Depths:4 | Found Gaehe's Serpentskin Sales.
 71572 | Depths:4 | Found a one-way gate to the infinite horrors of the Abyss.
 71626 | Depths:4 | Noticed Frederick
 71644 | Depths:4 | Killed Frederick
 71792 | Depths:4 | Found Vikeseer's Armour Shop.
 71802 | Depths:4 | Found Raffy's Book Boutique.
 71906 | Depths:4 | Found a gateway to a ziggurat.
 71933 | Depths:4 | Noticed a juggernaut
 71951 | Depths:4 | Killed a juggernaut
 71952 | Depths:4 | Reached skill level 21 in Shields
 71952 | Depths:4 | Reached skill level 13 in Evocations
 72008 | Depths:4 | Got a pitted glass ring
 72240 | Depths:4 | Identified the ring of Jumpapli {rElec rF+ Dex+6} (You
                  | found it on level 4 of the Depths)
 72340 | Depths:5 | Entered Level 5 of the Depths
 72397 | Depths:5 | Noticed a caustic shrike
 72397 | Depths:5 | Noticed a caustic shrike
 72398 | Depths:5 | Noticed a caustic shrike
 72410 | Depths:5 | Killed a caustic shrike
 72419 | Depths:5 | Killed a caustic shrike
 72420 | Depths:5 | Reached skill level 20 in Fighting
 72429 | Depths:5 | Killed a caustic shrike
 72531 | Depths:5 | Reached skill level 11 in Armour
 73107 | Depths:5 | Found a gate to the Realm of Zot.
 73127 | Depths:5 | Reached XP level 25. HP: 145/211 MP: 26/26
 73849 | Vaults:5 | Entered Level 5 of the Vaults
 73871 | Vaults:5 | Reached skill level 14 in Evocations
 73874 | Vaults:5 | Reached skill level 22 in Shields
 74402 | Vaults:5 | Identified the ring "Plog" {rElec rC+}
 74439 | Vaults:5 | Got a shimmering wooden ring
 74444 | Vaults:5 | Identified the ring "Xuluvo Issu" {rC- rN+ Will+++ MP+9
                  | Str-4} (You found it on level 5 of the Vaults)
 74660 | Vaults:5 | Noticed a dread lich
 74678 | Vaults:5 | Killed a dread lich
 74679 | Vaults:5 | Reached skill level 12 in Armour
 74743 | Vaults:5 | Reached skill level 21 in Fighting
 74779 | Vaults:5 | Reached skill level 15 in Evocations
 74784 | Vaults:5 | Reached XP level 26. HP: 222/222 MP: 26/26
 75051 | Vaults:5 | Reached skill level 23 in Shields
 75058 | Vaults:5 | Got a silver rune of Zot
 75494 | Vaults:5 | Identified the Reference Book on Unholy Air
 76093 | Zot:1    | Entered Level 1 of the Realm of Zot
 76342 | Zot:3    | Noticed a Killer Klown
 76358 | Zot:3    | Noticed a Killer Klown
 76384 | Zot:3    | Killed a Killer Klown
 76385 | Zot:3    | Reached skill level 22 in Fighting
 76393 | Zot:3    | Killed a Killer Klown
 76703 | Zot:3    | Reached skill level 24 in Shields
 77086 | Zot:3    | Reached XP level 27. HP: 233/233 MP: 26/26
 77161 | Zot:3    | You fall into a shaft and drop 1 floor!
 77220 | Zot:4    | Reached skill level 23 in Fighting
 77240 | Zot:3    | You fall into a shaft and drop 1 floor!
 77285 | Zot:4    | Noticed an orb of fire
 77288 | Zot:4    | Gained mutation: You tend to lose your temper in combat.
                  | [an orb of fire]
 77290 | Zot:4    | Gained mutation: You are dopey. (Int -2) [an orb of fire]
 77295 | Zot:4    | Killed an orb of fire
 77499 | Zot:4    | Reached skill level 25 in Shields
 78571 | Zot:5    | Entered Level 5 of the Realm of Zot
 78697 | Zot:5    | Reached skill level 24 in Fighting
 79079 | Zot:5    | Noticed an orb of fire
 79086 | Zot:5    | Gained mutation: You occasionally shout uncontrollably at
                  | your foes. [an orb of fire]
 79087 | Zot:5    | Gained mutation: You have a pair of small antennae on your
                  | head. [an orb of fire]
 79089 | Zot:5    | Gained mutation: Your spells are a little easier to cast,
                  | but a little less powerful. [an orb of fire]
 79095 | Zot:5    | Killed an orb of fire
 79331 | Zot:5    | Noticed an ancient lich
 79337 | Zot:5    | Noticed an orb of fire
 79341 | Zot:5    | Noticed a dread lich
 79343 | Zot:5    | Noticed an ancient lich
 79347 | Zot:5    | Noticed a dread lich
 79362 | Zot:5    | Got the Orb of Zot
 79414 | Zot:5    | Killed a dread lich
 79739 | D:13     | Noticed Sergh the pandemonium lord
 79840 | D:7      | Noticed a seraph
 79962 | D:$      | Escaped with the Orb!

Illustrated notes

Levels and vault maps discovered:
D:1:      arrival_zaba_pyramid, layout_basic, hangedman_decor_riveting
D:2:      layout_loops_ring, nicolae_overflow_hidden_temple, bloody_makhleb,
          uniq_robin
D:3:      layout_rooms, lemuel_crystal_altar, nzn_wu_jian_council_hall,
          minitemple
D:4:      layout_basic, minmay_temple_entry_wispy, minmay_crossroads
D:5:      lemuel_castle_with_subvaults [lemuel_castle_interior_original],
          layout_basic
D:6:      layout_basic, gammafunk_ghost_necromancy, minivault_26
D:7:      layout_rooms, serial_shops, nicolae_shop_competitors_out_of_business,
          shop
D:8:      kennysheep_housing_project, layout_loops_ring,
          lemuel_coloured_pillars_altar, kennysheep_mini_moat, erik_lair_island,
          serial_ice, serial_ice_m, serial_ice_d, serial_ice_j, serial_ice_h,
          serial_ice_a, serial_ice_c
D:9:      layout_roguey, erik_orc_4, enter_bailey_7, minmay_microvault
D:10:     layout_long_grid, minmay_shop_chei, the_bakery
D:11:     layout_cave_pools
D:12:     layout_long_grid, abandoned_shop, uniq_erolcha
D:13:     layout_loops_corners
D:14:     layout_irregular_city, ximxim_vaults_locker_room, serial_shops,
          kennysheep_mini
D:15:     grunt_enter_depths_hoard, layout_rooms, serial_shops, shop,
          evilmike_ruin_ashenzari, uniq_louise
Lair:1:   layout_hall_layers, uniq_urug
Lair:2:   layout_gridlike, guppyfry_snake_entry_garden,
          nicolae_quartered_pool_medium, beast_lair_carwin_6,
          minmay_lair_oklob_chamber
Lair:3:   gammafunk_mikee_crab_dinner, layout_loops_ring,
          elwin_shoals_entry_rocks, basic_altar, grunt_forest_small_clearings,
          lemuel_fruit_tree
Lair:4:   layout_cave_pods, gauntlet_entry_generic, serial_bayou,
          serial_bayou_ford_a, serial_bayou_pond_d, serial_bayou_pond_e,
          serial_bayou_pond_d, st_stairs_9
Lair:5:   layout_gridlike, slime_altar_1
Lair:6:   grunt_lair_end_beastmaster, layout_concentric_octagons,
          serial_bayou_shore_b
Shoals:1: cheibrodos_shoals_oceanic_diplomacy, layout_shoals, serial_shops,
          nicolae_shop_stone
Shoals:2: layout_shoals, ebering_ghost_inner_flame, serial_shops, shop,
          uniq_ilsuiw
Shoals:3: cheibrodos_shoals_roost, layout_shoals,
          portal_ice_cave_entry_pillars_three
Shoals:4: shoals_end_grunt_ice, layout_shoals, shoal_ilsuiw, kb_tengu_band,
          uniq_polyphemus
Snake:1:  layout_layer_cave, serial_shops, shop, uniq_donald
Snake:2:  layout_concentric_octagons, serial_bayou_shore_b, grunt_megastairs_4,
          uniq_vashnia, uniq_nikola, uniq_kirke
Snake:3:  layout_rooms, uniq_aizul
Snake:4:  grunt_snake_rune_spirals, layout_onion, uniq_agnes
Orc:1:    layout_diamond_mine, gammafunk_ghost_split, abandoned_shop
Orc:2:    grunt_orc_community_town_hall, layout_caves,
          grunt_orc_community_big_house_1, grunt_orc_community_big_house_1,
          grunt_orc_community_house_2, grunt_orc_community_house_3,
          grunt_orc_community_house_2, grunt_orc_community_house_3, uniq_sonja
Elf:1:    eino_elf_arrival_the_gate, layout_geoelf_octagon, serial_shops, shop,
          hangedman_elven_crosses_minicolossus
Elf:2:    layout_loops_cross, serial_shops, nicolae_shop_behind_doors
Vaults:1: vaults_room_corners, grunt_vaults_funnel, vaults_standard_mumra_x,
          nicolae_vaults_little_squares_6, vaults_room_corners,
          vaults_mumra_hex, vaults_mumra_bighexcomb,
          nicolae_vaults_little_squares_4, vaults_room_grunt_arrival_ludios,
          vaults_dpeg_hooks, grunt_vaults_hallway_short,
          layout_vaults_chaotic_city
Vaults:2: nicolae_vaults_little_squares_1, v_misc_9, nicolae_vaults_theta,
          hangedman_vaults_stream, v_rooms_6, vaults_room_fours,
          vaults_room_corners, hangedman_vaults_nails, layout_vaults_omnigrid
Vaults:3: minmay_crypt_entry_simple_box, sword_in_stone,
          nicolae_vaults_what_the_h, nicolae_vaults_yaktaur_gun_rack,
          hangedman_vaults_trim, v_misc_15, nicolae_vaults_network_square,
          v_misc_29, v_alt_pattern_5, ontoclasm_vaults_loading_screen,
          nicolae_vaults_little_squares_1, layout_vaults_omnibox
Vaults:4: nicolae_vaults_puzzle_piece, ontoclasm_vaults_fault,
          hangedman_vaults_hat, nicolae_vaults_circle_grid_a,
          vaults_room_ringed_pool, v_pattern_3, ontoclasm_vaults_twist,
          vaults_room_fours, nicolae_vaults_twisting_passages,
          nicolae_vaults_circle_grid_b, hangedman_vaults_slice,
          layout_vaults_ring, serial_shops, shop
Vaults:5
Depths:1: layout_cave_shapes, special_room [special_room_morgue],
          serial_bayou_pond_a, pf_coc_iceberg, minmay_shop_mass,
          chequers_serial_rivers_micro_d, hangedman_decor_points,
          kennysheep_generic_room_2
Depths:2: wad_cavern_with_rooms, layout_basic, minmay_misc_feat_rows,
          grunt_hell_horde, minivault_10, infiniplex_staircase_pool_2
Depths:3: minmay_the_grid_octo_tiled_octocenter_mashed
          [minmay_the_grid_octo_checkered, minmay_the_grid_octo_vomiting_pacman,
          minmay_the_grid_octo_77, minmay_the_grid_octo_focus,
          minmay_the_grid_octo_prize_big_c,
          minmay_the_grid_square_5x5_doubleslash,
          minmay_the_grid_square_5x5_eight_small,
          minmay_the_grid_square_5x5_spiral_small,
          minmay_the_grid_square_5x5_longway], layout_cave_pools, hell_entry,
          serial_column_ruins, column_ruins_grid_2, column_ruins_open_small,
          column_ruins_grid_4, column_ruins_open_medium,
          column_ruins_corridor_dead_end, minmay_misc_feat_hallway,
          rand_demon_pan_entry_4
Depths:4: cheibrodos_hall_of_evolution, layout_basic, enter_ziggurat_b,
          serial_shops, nicolae_shop_trees, abyss_entry, hell_entry,
          guppyfry_shop_venom, minmay_shoptagon, uniq_frederick
Depths:5: grunt_crosshair, layout_gridlike, grunt_decor_arrowhead, hell_entry
Zot:1:    layout_gridlike, hangedman_zot_decor_tridents, st_stairs_4
Zot:2:    layout_onion_interference, st_large_dragon_hoard_1
Zot:3:    ebering_greatest_show_in_zot, layout_concentric_octagons
Zot:4:    layout_misc_corridors, st_stairs_5, st_single_dragon_hoard_4
Zot:5:    layout_onion

Skill      XL: |  1  2  3  4  5  6  7  8  9 10 11 12 13 14 15 16 17 18 19 20 21 22 23 24 25 26 27 |
---------------+----------------------------------------------------------------------------------+-----
Crossbows      | 4 |  4.0
Stealth        | 2 3 5 8 |  8.8
Maces & Flails | 2 3 4 5 7 8 10 12 13 14 16 | 16.0
Fighting       | 1 3 4 6 8 9 11 12 13 14 15 16 19 20 21 22 24 | 24.9
Shields        | 2 4 11 14 15 17 20 21 22 24 25 | 25.0
Dodging        | 4 7 8 10 15 | 15.0
Armour         | 3 5 6 8 10 11 12 | 12.0
Evocations     | 3 6 8 11 12 13 15 | 15.0
Throwing       | 3 8 11 13 15 16 | 16.0
Spellcasting   | |  2.0
Poison Magic   | |  1.1

Action                   |  1- 3 |  4- 6 |  7- 9 | 10-12 | 13-15 | 16-18 | 19-21 | 22-24 | 25-27 || total
-------------------------+-------+-------+-------+-------+-------+-------+-------+-------+-------++-------
Melee: Spear             |    32 |       |       |       |       |       |       |       |       ||    32
       Whip              |     3 |   138 |   413 |  1026 |  2883 |  1017 |       |       |       ||  5480
       Unarmed           |     1 |       |       |       |       |       |       |       |       ||     1
       Tailslap          |       |       |    10 |     2 |       |       |    49 |     1 |       ||    62
       Flail             |       |       |    18 |       |    23 |   955 |  1705 |   679 |       ||  3380
       Demon whip        |       |       |       |       |       |       |       |   667 |   948 ||  1615
 Fire: Hand crossbow     |    62 |    35 |   149 |    83 |       |       |       |       |       ||   329
Throw: Dart              |       |       |     6 |     6 |     8 |       |       |       |       ||    20
       Javelin           |       |       |       |       |     1 |     2 |       |       |    85 ||    88
       Boomerang         |       |       |       |       |       |       |    15 |   206 |   192 ||   413
Invok: Potion Petition   |       |       |       |     1 |       |       |       |       |     4 ||     5
       Call Merchant     |       |       |       |       |       |       |       |     1 |       ||     1
       Bribe Branch      |       |       |       |       |       |       |       |       |     2 ||     2
Evoke: Wand              |       |       |     6 |    13 |    18 |    32 |    15 |     3 |    10 ||    97
       Lightning rod     |       |       |       |       |    13 |    17 |    12 |       |       ||    42
       Condenser vane    |       |       |       |       |     3 |     3 |     3 |     5 |     5 ||    19
       Box of beasts     |       |       |       |       |     1 |     1 |     1 |       |       ||     3
       Phantom mirror    |       |       |       |       |       |       |     1 |       |       ||     1
       Phial of floods   |       |       |       |       |       |       |       |     1 |       ||     1
       Tin of tremorston |       |       |       |       |       |       |       |       |     2 ||     2
  Use: Scroll            |       |     3 |     5 |     8 |     8 |    10 |    14 |    14 |    20 ||    82
       Potion            |       |       |     3 |     1 |     1 |     5 |     1 |       |     9 ||    20
 Stab: Distracted        |       |     2 |     3 |     3 |    14 |    10 |    22 |    10 |    15 ||    79
       Sleeping          |       |       |     4 |       |       |       |       |       |       ||     4
       Petrified         |       |       |       |       |    12 |       |       |       |       ||    12
       Petrifying        |       |       |       |       |     1 |       |       |       |       ||     1
       Paralysed         |       |       |       |       |       |    18 |       |       |       ||    18
       Confused          |       |       |       |       |       |     2 |     2 |       |       ||     4
Armor: Ring mail         |    33 |    62 |    94 |       |       |       |       |       |       ||   189
       Skin              |     1 |       |       |       |       |       |       |       |       ||     1
       Chain mail        |       |       |    17 |   306 |   833 |   173 |       |       |       ||  1329
       Gold dragon scale |       |       |       |       |       |   367 |   483 |   362 |   258 ||  1470
Dodge: Dodged            |    43 |    64 |   113 |   246 |   961 |   325 |   184 |   171 |   130 ||  2237
Block: Buckler           |       |       |    54 |   160 |   499 |       |       |       |       ||   713
       Tower shield      |       |       |       |       |   426 |  2097 |  1802 |  1399 |   848 ||  6572

Table legend: (Time is in decaauts)
 A = Elapsed time spent in this place.
 B = Non-inter-level travel time spent in this place.
 C = Inter-level travel time spent in this place.
 D = Time resting spent in this place.
 E = Time spent auto-exploring this place.
 F = Levels seen in this place.
 G = Mean time per level.
                   A        B        C        D        E       F      G
               +--------+--------+--------+--------+--------+-----+--------+
         Total |  75393 |  70404 |   4989 |   9812 |  42895 |  51 | 1478.3 |
       Dungeon |  26146 |  23914 |   2232 |   4750 |  14284 |  15 | 1743.1 |
          Lair |  12814 |  12140 |    674 |   1496 |   8494 |   6 | 2135.7 |
        Shoals |   3292 |   3169 |    123 |     57 |   2003 |   4 |  823.0 |
     Snake Pit |   8246 |   7977 |    269 |    635 |   4968 |   4 | 2061.5 |
  Orcish Mines |   3179 |   2863 |    316 |     85 |   2089 |   2 | 1589.5 |
   Elven Halls |   2433 |   2314 |    119 |    133 |   1579 |   2 | 1216.5 |
        Vaults |   7493 |   6899 |    594 |    469 |   4307 |   5 | 1498.6 |
        Depths |   5104 |   4706 |    398 |    273 |   3242 |   5 | 1020.8 |
           Zot |   3180 |   2920 |    260 |    481 |   1595 |   5 |  636.0 |
        Bailey |   1434 |   1434 |      0 |    577 |     13 |   1 | 1434.0 |
      Ice Cave |   1263 |   1263 |      0 |    567 |    119 |   1 | 1263.0 |
      Gauntlet |    805 |    805 |      0 |    288 |    199 |   1 |  805.0 |
               +--------+--------+--------+--------+--------+-----+--------+

Top non-repeatable levels by time:
     D:8: 5105 daAuts
     D:5: 2751 daAuts
  Lair:6: 2653 daAuts
  Lair:1: 2573 daAuts
 Snake:2: 2321 daAuts
 Snake:1: 2293 daAuts
    D:14: 2257 daAuts
 Snake:4: 2208 daAuts
  Lair:3: 2157 daAuts
  Lair:5: 1945 daAuts
     D:9: 1841 daAuts
Vaults:5: 1781 daAuts
  Lair:2: 1752 daAuts
  Lair:4: 1731 daAuts
   Orc:1: 1721 daAuts
